 Dungeon Crawl Stone Soup version 0.30-a0-23-ge60ba3568b (webtiles) character file.

Game seed: 14351041239040620895

120 freelancePsychic the Trooper (level 4, -1/48 HPs)
             Began as a Troll Wanderer on Aug 24, 2022.
             Succumbed to an adder's poison
             ... in a sewer.
             The game lasted 00:03:49 (1440 turns).

freelancePsychic the Trooper (Troll Wanderer)       Turns: 1440, Time: 00:03:49

Health: -1/48      AC:  4    Str: 17    XL:     4   Next: 75%
Magic:  4/4        EV:  9    Int: 10    God:
Gold:   39         SH:  0    Dex: 12    Spells: 4/5 levels left

rFire   . . .      SeeInvis .      - Unarmed
rCold   . . .      Faith    .    (no shield)
rNeg    . . .      Spirit   .    c - +0 robe
rPois   .          Reflect  .    (helmet restricted)
rElec   .          Harm     .    (no cloak)
rCorr   .          Rampage  .    (gloves unavailable)
Will    .....                    (boots unavailable)
Stlth   ++........               (no amulet)
HPRegen 0.96/turn                (no ring)
MPRegen 0.09/turn                (no ring)

@: lethally poisoned (-1 -> -6), about to teleport
A: large, unfitting armour, claws 3, regeneration 1, shaggy fur 1, tough skin 1
a: no special abilities


You were in a sewer.
You visited 1 branch of the dungeon, and saw 3 of its levels.
You also visited: Sewer.

You collected 39 gold pieces.

Inventory:

Missiles
 j - 6 poisoned darts (quivered)
 l - 5 stones
Armour
 c - a +0 robe (worn)
Scrolls
 b - a scroll of fear
 e - a scroll of amnesia {unknown}
 f - a scroll of immolation {unknown}
 g - 2 scrolls of identify {unknown}
 h - a scroll of enchant armour {unknown}
 i - a scroll of teleportation {@r4}
 o - a scroll of poison {unknown}
Potions
 a - a potion of degeneration {unknown}
 d - a potion of brilliance {unknown}
 k - a potion of attraction {unknown}
 m - 2 potions of might {unknown}
 n - a potion of mutation {unknown}


   Skills:
 + Level 4.2 Fighting
 + Level 1.3 Throwing
 - Level 1.0 Dodging
 - Level 1.5 Stealth
 + Level 2.4 Unarmed Combat
 - Level 1.0 Spellcasting
 - Level 1.0 Transmutations


You had 4 spell levels left.
You knew the following spells:

 Your Spells              Type           Power      Damage    Failure   Level
a - Sting                 Tmut/Pois      4%         1d3       28%         1

Your spell library contained the following spells:

 Spells                   Type           Power      Damage    Failure   Level
 Spider Form              Tmut/Pois      1%         N/A       63%         3


Dungeon Overview and Level Annotations

Branches:
Dungeon (3/15)              Sewer (1/1)

Altars:


Innate Abilities, Weirdness & Mutations

You are too large for most types of armour.
You have claws for hands.
Your natural rate of healing is unusually fast.
You are covered in fur. (AC +1)
You have tough skin. (AC +1)


Message History

The adder poisons you! The adder barely misses you. The adder bites you.
You are more poisoned.
The adder poisons you!
You miss the adder.
You feel very sick. The adder closely misses you.
The adder bites you but does no damage.
You scratch the adder.
The adder is lightly wounded.
You feel very sick. The adder barely misses you. x2
You closely miss the adder.
The adder is lightly wounded.
You feel sick.
The adder bites you but does no damage. x3
You barely miss the adder.
The adder is lightly wounded.
You feel sick. The adder bites you. x2
* * * LOW HITPOINT WARNING * * *
You claw the adder!
You kill the adder!
You feel sick. The adder bites you.
* * * LOW HITPOINT WARNING * * *
You are more poisoned.
The adder poisons you!
You barely miss the adder.
You feel very sick. The adder bites you but does no damage.
You claw the adder!
The adder is severely wounded.
You feel sick. The adder bites you.
* * * LOW HITPOINT WARNING * * *
The adder bites you but does no damage.
Okay, then.
As you read the scroll of teleportation {@r4}, it crumbles to dust.
You feel strangely unstable.
You feel sick. The adder bites you.
* * * LOW HITPOINT WARNING * * *
You are more poisoned.
The adder poisons you!
As you read the scroll of fear, it crumbles to dust.
You assume a fearsome visage.
The adder looks frightened!
You die...

#~~~~~.~..~~.~~.
#~≈≈≈≈≈≈†~≈≈≈≈≈≈
#~≈~~~~~~~~~~~~~
#~≈~####~~####~≈
#~≈.# #.~# #~≈.#
#~~# #.≈.## #.~#
#~≈.##.#..#
#.≈~##.'@.+
#.≈~##.S..+
#~≈~##.#..#
#~≈~####..#
#~≈~# #..# #~≈~#
#..# #~≈~# #..#
#~≈~# +..+ #~≈.#


You could see an adder (fleeing).

Vanquished Creatures
  A gnoll (D:1)
  4 adders
  5 worms
  3 orcs (D:2)
  5 ball pythons
  3 endoplasms
  9 giant cockroaches
  A goblin (D:1)
  A hobgoblin (D:1)
  2 jackals (Sewer)
  4 kobolds
  4 quokkas
  4 bats
  3 frilled lizards
  9 rats
58 creatures vanquished.

Vanquished Creatures (collateral kills)
  A frilled lizard (D:3)
1 creature vanquished.

Grand Total: 59 creatures vanquished

Notes
Turn   | Place    | Note
-------+----------+-------------------------------------------
     0 | D:1      | freelancePsychic the Troll Wanderer began the quest for the
                  | Orb.
     0 | D:1      | freelancePsychic set off with the following items: a +3
                  | dagger, 2 scrolls of fear, a +0 robe; and the following
                  | spell memorised: Sting; and the following spells available
                  | to memorise: Spider Form.
     0 | D:1      | Reached XP level 1. HP: 23/23 MP: 1/1
   158 | D:1      | Reached XP level 2. HP: 32/32 MP: 2/2
   361 | D:1      | Reached skill level 1 in Unarmed Combat
   560 | D:1      | Reached XP level 3. HP: 39/39 MP: 3/3
   874 | D:2      | Reached skill level 4 in Fighting
   992 | D:2      | Identified the +5 dagger of Mylut {flame, rElec Str+4
                  | Dex-4}
  1145 | D:2      | You fall into a shaft and drop 1 floor!
  1217 | D:3      | Reached XP level 4. HP: 45/48 MP: 4/4
  1278 | D:3      | Reached skill level 1 in Throwing
  1280 | D:3      | Found a glowing drain.
  1284 | Sewer    | Entered a sewer
  1439 | Sewer    | HP: 1/48 [adder (2)]
  1440 | Sewer    | Succumbed to an adder's poison

Illustrated notes

Levels and vault maps discovered:
D:1:      dpeg_arrival_prison, layout_basic, minmay_worlds_worst_comb
D:2:      layout_basic, serial_shops, shop, minmay_misc_feat_cross
D:3:      layout_rooms, gup_sewer_entry_spiral, uniq_sigmund
Sewer:    sewer_fruit_machine

Skill      XL: |  1  2  3  4 |
---------------+-------------+-----
Unarmed Combat | 1 2 |  2.4
Fighting       | 4 |  4.2
Throwing       | 1 |  1.3
Dodging        | |  1.0
Stealth        | |  1.5
Spellcasting   | |  1.0
Transmutations | |  1.0

Action                   |  1- 3 |  4- 6 || total
-------------------------+-------+-------++-------
Melee: Unarmed           |    91 |    64 ||   155
       Punch             |     1 |       ||     1
  Use: Scroll            |     3 |     2 ||     5
 Stab: Sleeping          |     3 |     2 ||     5
Armor: Robe              |    22 |    26 ||    48
Dodge: Dodged            |    32 |    21 ||    53

Table legend: (Time is in decaauts)
 A = Elapsed time spent in this place.
 B = Non-inter-level travel time spent in this place.
 C = Inter-level travel time spent in this place.
 D = Time resting spent in this place.
 E = Time spent auto-exploring this place.
 F = Levels seen in this place.
 G = Mean time per level.
                   A        B        C        D        E       F      G
               +--------+--------+--------+--------+--------+-----+--------+
         Total |   1493 |   1470 |     23 |      6 |   1036 |   4 |  373.2 |
       Dungeon |   1300 |   1277 |     23 |      6 |    918 |   3 |  433.3 |
         Sewer |    193 |    193 |      0 |      0 |    118 |   1 |  193.0 |
               +--------+--------+--------+--------+--------+-----+--------+

Top non-repeatable levels by time:
     D:1: 813 daAuts
     D:2: 330 daAuts
   Sewer: 193 daAuts
     D:3: 156 daAuts
